 Dungeon Crawl Stone Soup version 0.28-a0-1206-g193881aaa2 (webtiles) character file.

Game seed: 4333077300179161860

94 leviel the Skirmisher (level 4, -8/41 HPs)
             Began as a Hill Orc Fighter on Dec 21, 2021.
             Killed by nerve-wracking pain
             ... invoked by Jessica
              (14 damage)
             ... on level 2 of the Dungeon.
             The game lasted 00:02:34 (1605 turns).

leviel the Skirmisher (Hill Orc Fighter)            Turns: 1605, Time: 00:02:35

Health: -8/41      AC:  7    Str: 20    XL:     4   Next: 63%
Magic:  4/4        EV:  9    Int:  8    God:
Gold:   20         SH:  4    Dex: 10    Spells: 3/3 levels left

rFire   . . .      SeeInvis .   a - +0 war axe
rCold   . . .      Faith    .   c - +0 buckler
rNeg    . . .      Spirit   .   b - +0 scale mail
rPois   .          Reflect  .   (no helmet)
rElec   .          Harm     .   (no cloak)
rCorr   .          Rampage  .   (no gloves)
Will    .....                   (no boots)
Stlth   ..........              g - amulet of the acrobat
HPRegen 0.13/turn               (no ring)
MPRegen 0.09/turn               (no ring)

@: no status effects
A: no striking features
a: no special abilities


You were on level 2 of the Dungeon.
You visited 1 branch of the dungeon, and saw 2 of its levels.

You collected 20 gold pieces.

Inventory:

Hand Weapons
 a - a +0 war axe (weapon)
Armour
 b - a +0 scale mail (worn)
 c - a +0 buckler (worn)
Jewellery
 g - an amulet of the acrobat (around neck)
 l - an amulet of guardian spirit
Scrolls
 e - 4 scrolls of teleportation
 h - a scroll of amnesia {unknown}
Potions
 d - 2 potions of might
 f - a potion of curing {unknown}
 i - a potion of flight {unknown}
 j - a potion of attraction {unknown}
 k - 2 potions of heal wounds {unknown}


   Skills:
 + Level 4.4 Fighting
 + Level 3.9 Axes
 + Level 4.0 Armour
 + Level 4.0 Shields


You had 3 spell levels left.
You didn't know any spells.
Your spell library was empty.

Dungeon Overview and Level Annotations

Branches:
Dungeon (2/15)

Altars:

Annotations:
D:2 Jessica


Message History

You are too injured to fight recklessly!
You are too injured to fight recklessly!
You are too injured to fight recklessly!
You are too injured to fight recklessly!
You are too injured to fight recklessly!
You are too injured to fight recklessly!
You are too injured to fight recklessly!
You are too injured to fight recklessly!
You are too injured to fight recklessly!
You are too injured to fight recklessly!
You are too injured to fight recklessly!
You are too injured to fight recklessly!
There are monsters nearby!
You closely miss Jessica. Jessica closely misses you.
You barely miss Jessica. You block Jessica's attack.
Jessica points at you and mumbles some strange words.
Pain shoots through your body!
You closely miss Jessica. Jessica closely misses you.
You slash Jessica!
Jessica is severely wounded.
Jessica hits you with a +5 spectral club.
* * * LOW HITPOINT WARNING * * *
You barely miss Jessica.
Jessica is severely wounded.
You block Jessica's attack. Jessica closely misses you.
You barely miss Jessica.
Jessica is severely wounded.
Jessica closely misses you.
You hit Jessica.
Jessica is almost dead.
You hit the worm. Jessica closely misses you. The worm closely misses you.
You hit Jessica but do no damage.
Jessica is almost dead.
You barely miss the worm.
Jessica hits you with a +5 spectral club.
* * * LOW HITPOINT WARNING * * *
The worm barely misses you.
Jessica points at you and mumbles some strange words.
Pain shoots through your body!
You die...

#.......## .. #.####.... #####..
###..# #.####.... .......# #
#.... #.##...... .#####.# #.
#.#.# #.##.#.... ..(.##.#
#.##.#.# #)##.#.... .......#
......# #......... .......# #@w.#
#####.#### .##.#.## #.@.# #.#
.##.#.###### #...##########.#
.##........# #.........##...#
.##†..####.####....####.##)#####
......###...............##.#...##
.....##....................#.....
##...##.#...............##.#...##
##...##.##.####....####.##.##.##
##..<......##...........##.##.###


You could see a worm and Jessica.

Vanquished Creatures
  Robin (D:2)
  A gnoll (D:1)
  A worm (D:2)
  3 dart slugs
  9 endoplasms
  11 goblins
  10 hobgoblins
  3 kobolds
  A quokka (D:1)
  3 ball pythons
  5 bats
  8 frilled lizards (D:1)
  2 rats (D:1)
58 creatures vanquished.

Vanquished Creatures (others)
  4 demonic plants (D:2)
  6 fungi (D:2)
  3 plants (D:2)
  A withered plant (D:2)
14 creatures vanquished.

Grand Total: 72 creatures vanquished

Notes
Turn   | Place    | Note
-------+----------+-------------------------------------------
     0 | D:1      | leviel the Hill Orc Fighter began the quest for the Orb.
     0 | D:1      | Reached XP level 1. HP: 19/19 MP: 1/1
    20 | D:1      | Reached XP level 2. HP: 16/27 MP: 2/2
   397 | D:1      | Reached XP level 3. HP: 33/33 MP: 3/3
   969 | D:2      | Noticed Robin
   976 | D:2      | Reached XP level 4. HP: 22/40 MP: 4/4
   998 | D:2      | Killed Robin
  1438 | D:2      | Found a faded altar of an unknown god.
  1593 | D:2      | Noticed Jessica
  1605 | D:2      | Killed from afar by Jessica

Illustrated notes

Levels and vault maps discovered:
D:1:      eino_arrival_water_star, layout_rooms, minmay_lizard_pond
D:2:      layout_loops_cross, shapermc_ecumenical_altar_gd, uniq_robin,
          uniq_jessica

Skill      XL: |  1  2  3  4 |
---------------+-------------+-----
Axes           | 3 |  3.9
Fighting       | 4 |  4.4
Shields        | 4 |  4.0
Armour         | 4 |  4.0

Action                   |  1- 3 |  4- 6 || total
-------------------------+-------+-------++-------
Melee: War axe           |    74 |    51 ||   125
  Use: Scroll            |     5 |       ||     5
Armor: Scale mail        |    35 |    18 ||    53
Dodge: Dodged            |    46 |    35 ||    81
Block: Buckler           |    20 |     9 ||    29

Table legend: (Time is in decaauts)
 A = Elapsed time spent in this place.
 B = Non-inter-level travel time spent in this place.
 C = Inter-level travel time spent in this place.
 D = Time resting spent in this place.
 E = Time spent auto-exploring this place.
 F = Levels seen in this place.
 G = Mean time per level.
                   A        B        C        D        E       F      G
               +--------+--------+--------+--------+--------+-----+--------+
         Total |   1646 |   1616 |     30 |    369 |    929 |   2 |  823.0 |
       Dungeon |   1646 |   1616 |     30 |    369 |    929 |   2 |  823.0 |
               +--------+--------+--------+--------+--------+-----+--------+

Top non-repeatable levels by time:
     D:2: 855 daAuts
     D:1: 791 daAuts
